 Dungeon Crawl Stone Soup version 0.17.1-3-g152610e (webtiles) character file.

87 kaze the Ruffian (level 4, 0/44 HPs)
             Began as a Troll Berserker on Feb 26, 2016.
             Was a Priest of Trog.
             Succumbed to an adder's poison
             ... on level 3 of the Dungeon.
             The game lasted 00:06:26 (2085 turns).

kaze the Ruffian (Troll Berserker)                  Turns: 2085, Time: 00:06:26

Health: 0/44       AC:  6    Str: 26    XL:     4   Next: 28%
Magic:  3/3        EV: 10    Int:  3    God:    Trog [***...]
Gold:   73         SH:  0    Dex:  9    Spells: 0 memorised, 3 levels left

rFire  . . .     SeeInvis .     m - +0 great mace
rCold  . . .     Clarity  .     a - +0 animal skin
rNeg   . . .     SustAt   .     (shield currently unavailable)
rPois  .         Gourm    +     (helmet restricted)
rElec  .         Spirit   .     k - +0 cloak
rCorr  .         Warding  .     (gloves unavailable)
rMut   .         Stasis   .     (boots unavailable)
MR     .....                    (no amulet)
Stlth  +.........               (no ring)
                                (no ring)

@: lethally poisoned (0 -> -2), exhausted, slowed, very slow, not resistant to
hostile enchantments, very unstealthy
A: unfitting armour, claws 3, fast metabolism 3, gourmand, regeneration 2,
shaggy fur 1, tough skin 2
a: Berserk, Trog's Hand, Burn Spellbooks, Renounce Religion


You were on level 3 of the Dungeon.
You worshipped Trog.
Trog was most pleased with you.
You were not hungry.

You visited 1 branch of the dungeon, and saw 4 of its levels.

You collected 73 gold pieces.

Inventory:

Hand Weapons
 m - a +0 great mace (weapon)
Armour
 a - a +0 animal skin (worn)
 k - a +0 cloak (worn)
Scrolls
 c - a scroll of random uselessness {unknown}
 e - 3 scrolls of identify {unknown}
 h - a scroll of magic mapping {unknown}
 i - a scroll of fear {unknown}
 j - a scroll of enchant weapon {unknown}
Potions
 d - 3 potions of curing {unknown}
 g - a potion of might {unknown}
 l - a potion of flight {unknown}
Comestibles
 b - 3 bread rations
 f - 2 meat rations
 n - a chunk of flesh


   Skills:
 + Level 2.8 Fighting
 + Level 3.3 Dodging
 + Level 0.1 Stealth
 + Level 3.8 Unarmed Combat


You had 3 spell levels left.
You didn't know any spells.

Dungeon Overview and Level Annotations

Branches:
Dungeon (4/15)
 Temple: D:4-7

Altars:
Fedhas
Qazlal


Innate Abilities, Weirdness & Mutations

You are too large for most types of armour.
You have claws for hands.
Your metabolism is lightning-fast.
You like to eat raw meat.
You heal very quickly.
You are covered in fur (AC +1).
You have very tough skin (AC +2).


Message History

You feel sick. The adder bites you.
* * * LOW HITPOINT WARNING * * *
You miss the adder.
You feel sick. The adder closely misses you.
The adder bites you but does no damage.
You closely miss the adder.
You feel sick. The adder bites you but does no damage.
You closely miss the adder.
You feel sick. The adder bites you.
* * * LOW HITPOINT WARNING * * *
You are more poisoned.
The adder poisons you! The adder completely misses you.
You closely miss the adder.
You are no longer berserk.
You are exhausted.
You feel yourself slow down.
You feel sick. The adder bites you but does no damage.
You barely miss the adder.
You feel sick.
The adder bites you but does no damage. x3
The adder bites you.
* * * LOW HITPOINT WARNING * * *
You closely miss the adder.
You die...

#.###...## #.# ###..#######
#####.######.......###########
.............................#
#..........###################
#..............#
#<.........###.# #..........#
#.#### #..........###..@S###
#..........).####)..#
############..# ###.#
##.#####.### ### #....##...#
..# ####.####.# ..# #.## #.#
..# #..###.# ..# ##.....##


You could see an adder.

Vanquished Creatures
  An adder (D:2)
  2 gnolls
  An ooze (D:2)
  8 bats
  12 goblins
  5 hobgoblins
  2 jackals (D:1)
  4 kobolds
  2 ball pythons
  4 giant geckos
  6 giant newts
  5 rats
52 creatures vanquished.

Notes
Turn   | Place    | Note
--------------------------------------------------------------
     0 | D:1      | kaze the Troll Berserker began the quest for the Orb.
     0 | D:1      | Reached XP level 1. HP: 22/22 MP: 0/0
   189 | D:1      | Reached XP level 2. HP: 27/29 MP: 1/1
   632 | D:1      | Reached ** piety under Trog
  1115 | D:2      | Reached XP level 3. HP: 29/36 MP: 2/2
  1234 | D:2      | Found a stormy altar of Qazlal.
  1253 | D:2      | Found a blossoming altar of Fedhas.
  2004 | D:3      | Reached XP level 4. HP: 42/44 MP: 3/3
  2079 | D:3      | Reached *** piety under Trog
  2084 | D:3      | HP: 1/44 [adder (3)]
  2085 | D:3      | Succumbed to an adder's poison

Action                   |  1- 3 |  4- 6 || total
-------------------------+-------+-------++-------
Melee: Unarmed           |   124 |       ||   124
       Great mace        |     5 |    12 ||    17
Invok: Burn Spellbooks   |     1 |       ||     1
       Berserk           |       |     1 ||     1
 Stab: Sleeping          |     1 |       ||     1
  Eat: Chunk             |    21 |       ||    21
